 Dungeon Crawl Stone Soup version 0.31.0-32-g396128a36d (webtiles) character file.

Game seed: 8731934559558177729

2182 TacoSundae the Ducker (level 9, -6/70 HPs)
             Began as a Gnoll Gladiator on Apr 15, 2024.
             Mangled by a gnoll sergeant
             ... wielding a +2 spear of venom
              (11 damage)
             ... on level 6 of the Dungeon.
             The game lasted 00:14:56 (5156 turns).

TacoSundae the Ducker (Gnoll Gladiator)             Turns: 5156, Time: 00:14:57

Health: -6/70      AC: 10    Str: 14    XL:     9   Next: 33%
Magic:  24/24      EV: 19    Int: 10    God:
Gold:   140        SH:  0    Dex: 27    Spells: 16/16 levels left

rFire   + . .        b - +2 dagger (venom)
rCold   . . .        (no shield)
rNeg    . . .        v - +2 leather armour {rF+}
rPois   .            c - +0 helmet
rElec   .            j - +0 cloak
rCorr   .            r - +1 pair of gloves {Dex+3}
SInv    +            (no boots)
Will    .....        (no amulet)
Stlth   +++          o - ring of see invisible
HPRegen 0.31/turn    x - ring of Taoz {MP+9 Int+3 Dex+6}
MPRegen 0.19/turn

%: no passive effects
@: mighty, lethally poisoned (-6 -> -18)
A: fangs 1, strong nose, distributed training
a: no special abilities


You were on level 6 of the Dungeon.
You visited 2 branches of the dungeon, and saw 7 of its levels.

You collected 289 gold pieces.
You spent 149 gold pieces at shops.

Inventory:

Hand Weapons
 a - a +0 rapier
 b - a +2 dagger of venom (weapon)
Missiles
 d - 3 throwing nets (quivered)
 e - a javelin
 k - 8 poisoned darts
Armour
 c - a +0 helmet (worn)
 j - a +0 cloak (worn)
 r - a +1 pair of gloves of dexterity (worn)
 v - a +2 leather armour of fire resistance (worn)
Jewellery
 f - the ring of the Real Monster {Wiz rElec}
   (You acquired it on level 5 of the Dungeon)

   [ring of wizardry]

   Wiz:       It improves your spell success rate.
   rElec:     It insulates you from electricity.
 o - a ring of see invisible (left hand)
 x - the ring of Taoz (right hand) {MP+9 Int+3 Dex+6}
   (You acquired it on level 6 of the Dungeon)

   [ring of dexterity]

   Int+3:     It affects your intelligence (+3).
   Dex+6:     It affects your dexterity (+6).
   MP+9:      It affects your magic capacity (+9).
Talismans
 w - a serpent talisman
Wands
 h - a wand of charming (6)
Scrolls
 l - a scroll of revelation
 p - 2 scrolls of noise
 q - a scroll of enchant armour
Potions
 g - a potion of magic
 i - 2 potions of attraction
 m - 2 potions of lignification
 n - a potion of cancellation
 t - 2 potions of enlightenment
 u - 2 potions of curing {unknown}


   Skills:
 + Level 6.3 Fighting
 + Level 7.9 Short Blades
 + Level 4.3 Long Blades
 + Level 4.3 Axes
 + Level 4.3 Maces & Flails
 + Level 4.3 Polearms
 + Level 4.3 Staves
 + Level 4.3 Ranged Weapons
 + Level 6.3 Throwing
 + Level 4.3 Armour
 + Level 7.9 Dodging
 + Level 4.3 Stealth
 + Level 4.3 Shields
 + Level 4.3 Unarmed Combat
 + Level 4.3 Spellcasting
 + Level 3.5 Conjurations
 + Level 3.5 Hexes
 + Level 3.5 Summonings
 + Level 3.5 Necromancy
 + Level 3.5 Translocations
 + Level 3.5 Fire Magic
 + Level 3.5 Ice Magic
 + Level 3.5 Air Magic
 + Level 3.5 Earth Magic
 + Level 3.5 Alchemy
 + Level 4.7 Invocations
 + Level 4.3 Evocations
 + Level 3.9 Shapeshifting


You had 16 spell levels left.
You didn't know any spells.
Your spell library contained the following spells:

 Spells                   Type           Power      Damage    Failure   Level
 Foxfire                  Conj/Fire      36%        2x1d5     7%          1
 Lesser Beckoning         Tloc           18%        N/A       11%         2
 Gell's Gravitas          Tloc           9%         N/A       22%         3
 Teleport Other           Tloc           9%         N/A       22%         3
 Plasma Beam              Fire/Air       4%         2x1d14    100%        6
 Starburst                Conj/Fire      4%         6d4       100%        6


Dungeon Overview and Level Annotations

Branches:
Dungeon (6/15)             Temple (1/1) D:4

Altars:
Dithmenos
Elyvilon
Fedhas
Gozag
Hepliaklqana
Kikubaaqudgha
Nemelex Xobeh
Qazlal
Trog
Uskayaw
Vehumet
Wu Jian
Xom
Yredelemnul
Zin

Shops:
D:1 *?(   D:3 [   D:4 [

Annotations:
D:3 2 transporters, SheePop's ghost, weakling AtFi
Temple 4 transporters


Innate Abilities, Weirdness & Mutations

You have very sharp teeth.
Your uncanny sense of smell can sniff out nearby items.
Your experience applies equally to all skills.


Message History

The gnoll barely misses you.
You kill the gnoll!
The gnoll sergeant attacks as it pursues you!
The gnoll sergeant closely misses you.
The gnoll sergeant hits you with a +2 spear of venom!
You are poisoned.
You hit the gnoll sergeant but do no damage.
The gnoll sergeant is poisoned.
Your bite misses the gnoll sergeant.
You feel very sick.
The gnoll sergeant hits you with a +2 spear of venom.
You are more poisoned.
You barely miss the gnoll sergeant.
You feel very sick.
The gnoll sergeant hits you but does no damage.
You barely miss the gnoll sergeant.
You feel very sick.
You hit the gnoll sergeant but do no damage.
The gnoll sergeant looks as sick as possible!
You feel very sick.
A gnoll comes into view. It is wielding a +0 flail.
The gnoll sergeant hits you with a +2 spear of venom.
You closely miss the gnoll sergeant.
The gnoll sergeant is lightly wounded.
You feel very sick.
You feel very sick. The gnoll sergeant closely misses you.
You feel very sick.
The gnoll sergeant attacks as it pursues you!
The gnoll sergeant hits you from afar with a +2 spear of venom.
* * * LOW HITPOINT WARNING * * *
You are lethally poisoned!
The gnoll attacks as it pursues you! The gnoll completely misses you.
* * * LOW HITPOINT WARNING * * *
You feel very sick.
It was a potion of might.
You feel very mighty all of a sudden.
* * * LOW HITPOINT WARNING * * *
You feel very sick.
The gnoll sergeant hits you from afar with a +2 spear of venom!
You die...

#####...######.#...[........##...
........)...)..#.####^####......#
.######)########.# ..... #..##...
.# #.....# #...#....?..#.######
.####.###.####.#.#.......#.#
......# #........#..._...^.#
#####.###....#.#.#.......#.#
.......#.#...#.......#.#
..#.##......@# ..... #.#
.....#.......g####^####.## ...#
#..#...#.g.g........# ##.##
#..###.##.#####)###.# ∆ ∆ #.
#..###.#..##.g..# ..#
#....#.#.###g##.# ..#
#...........g..#... ..#
#..##.#.#.###g.###.##..
...#..#..# #..# .# ...


You could see a gnoll sergeant (very poisoned) and a gnoll.

Vanquished Creatures
  An unseen horror (D:5)
  A wyvern (D:6)
  4 yaks (D:5)
  4 ogres (D:5)
  2 phantoms (D:5)
  A scorpion (D:4)
  A howler monkey (D:5)
  A hound (D:5)
  A jelly (D:6)
  2 bombardier beetles (D:5)
  4 orc priests
  A sleepcap (D:5)
  2 orc wizards
  3 iguanas
  5 gnolls
  10 adders
  A white imp (D:5)
  2 ufetubi (D:6)
  2 dart slugs
  11 orcs
  2 bats
  7 endoplasms
  4 giant cockroaches
  5 goblins
  2 hobgoblins
  4 jackals
  3 quokkas
  9 ball pythons
  A frilled lizard (D:1)
  6 kobolds
  4 rats
106 creatures vanquished.

Notes
Turn   | Place    | Note
-------+----------+-------------------------------------------
     0 | D:1      | TacoSundae the Gnoll Gladiator began the quest for the Orb.
     0 | D:1      | Reached XP level 1. HP: 20/20 MP: 1/1
     9 | D:1      | Found Efeereju's Magic Scroll Shop.
   138 | D:1      | Reached XP level 2. HP: 26/26 MP: 2/2
   159 | D:1      | Found Yragioqo's Weapon Shoppe.
   451 | D:1      | Found Ageufaci's Assorted Antiques.
   839 | D:2      | Reached XP level 3. HP: 17/31 MP: 2/4
   841 | D:2      | Reached skill level 1 in Invocations
   989 | D:2      | Reached skill level 1 in Long Blades
   989 | D:2      | Reached skill level 1 in Axes
   989 | D:2      | Reached skill level 1 in Maces & Flails
   989 | D:2      | Reached skill level 1 in Polearms
   989 | D:2      | Reached skill level 1 in Staves
   989 | D:2      | Reached skill level 1 in Ranged Weapons
   989 | D:2      | Reached skill level 1 in Armour
   989 | D:2      | Reached skill level 1 in Stealth
   989 | D:2      | Reached skill level 1 in Shields
   989 | D:2      | Reached skill level 1 in Unarmed Combat
   989 | D:2      | Reached skill level 1 in Spellcasting
   989 | D:2      | Reached skill level 1 in Evocations
  1115 | D:2      | Reached skill level 1 in Shapeshifting
  1115 | D:2      | Reached XP level 4. HP: 35/38 MP: 5/5
  1477 | D:3      | Noticed SheePop's ghost (weakling AtFi)
  1478 | D:3      | Found a transporter.
  1485 | D:3      | Found a transporter.
  1497 | D:3      | Found Yfiog's Antique Armour Shoppe.
  1515 | D:3      | Found a radiant altar of Vehumet.
  1590 | D:3      | Reached skill level 1 in Conjurations
  1590 | D:3      | Reached skill level 1 in Hexes
  1590 | D:3      | Reached skill level 1 in Summonings
  1590 | D:3      | Reached skill level 1 in Necromancy
  1590 | D:3      | Reached skill level 1 in Translocations
  1590 | D:3      | Reached skill level 1 in Fire Magic
  1590 | D:3      | Reached skill level 1 in Ice Magic
  1590 | D:3      | Reached skill level 1 in Air Magic
  1590 | D:3      | Reached skill level 1 in Earth Magic
  1590 | D:3      | Reached skill level 1 in Alchemy
  1874 | D:3      | Reached XP level 5. HP: 27/41 MP: 5/7
  2070 | D:3      | Found a stormy altar of Qazlal.
  2302 | D:4      | Found Pedyxui's Armour Shop.
  2309 | D:4      | Bought a +0 pair of gloves of dexterity for 149 gold pieces
  2458 | D:4      | Found a staircase to the Ecumenical Temple.
  2467 | Temple   | Found a transporter.
  2467 | Temple   | Found a transporter.
  2467 | Temple   | Found a transporter.
  2467 | Temple   | Found a transporter.
  2467 | Temple   | Entered the Ecumenical Temple
  2610 | D:4      | Reached XP level 6. HP: 50/50 MP: 8/8
  2701 | D:4      | Found an opulent altar of Gozag.
  2842 | D:4      | Found a hide-covered altar of Uskayaw.
  2920 | D:5      | Entered Level 5 of the Dungeon
  2921 | D:5      | Identified a scroll of acquirement
  2921 | D:5      | Acquired the ring of the Real Monster {Wiz rElec}
  3024 | D:5      | Reached skill level 5 in Fighting
  3024 | D:5      | Reached skill level 5 in Throwing
  3417 | D:5      | Found an ornate altar of the Wu Jian Council.
  3453 | D:5      | Reached XP level 7. HP: 56/56 MP: 10/10
  3608 | D:5      | Found an ancient bone altar of Kikubaaqudgha.
  3756 | D:5      | Noticed an unseen horror
  3978 | D:5      | Killed an unseen horror
  3979 | D:5      | Reached XP level 8. HP: 38/64 MP: 12/12
  4237 | D:5      | Noticed a yak
  4237 | D:5      | Noticed a yak
  4237 | D:5      | Noticed a yak
  4237 | D:5      | Noticed a yak
  4258 | D:5      | Killed a yak
  4279 | D:5      | Killed a yak
  4288 | D:5      | Killed a yak
  4289 | D:5      | Reached XP level 9. HP: 50/69 MP: 13/15
  4998 | D:6      | Found a basalt altar of Yredelemnul.
  5002 | D:6      | Found a glowing silver altar of Zin.
  5021 | D:6      | Acquired the ring of Taoz {MP+9 Int+3 Dex+6}
  5156 | D:6      | Mangled by a gnoll sergeant

Illustrated notes

Levels and vault maps discovered:
D:1:      lemuel_arrival_cross, layout_basic, serial_shops,
          nicolae_shop_statue_plus, nicolae_shop_crystal, shop
D:2:      layout_basic
D:3:      layout_rooms, fiery_altar_vehumet, nicolae_qazlal_eye_of_the_storm,
          gammafunk_ghost_arena, serial_shops, shop_fountains,
          chequers_serial_rivers_micro_a, minmay_misc_feat_cross
D:4:      layout_basic, mainiacjoe_overflow_alcove_4,
          mainiacjoe_overflow_alcove_1, minmay_temple_entry_arrows,
          serial_shops, nicolae_shop_gibbet_a_chance
D:5:      minmay_clustersquares, layout_gridville, nzn_wu_jian_council_hall,
          old_standard_altar, minmay_chambers_of_fives
D:6:      layout_loops_ring, kennysheep_mini_moat, zin_academy,
          lemuel_tele_altar, uniq_pikel
Temple:   hellmonk_temple_divided_pantheon

Skill      XL: |  1  2  3  4  5  6  7  8 |
---------------+-------------------------+-----
Invocations    | 1 2 3 4 |  4.7
Long Blades    | 1 2 3 4 |  4.3
Axes           | 1 2 3 4 |  4.3
Maces & Flails | 1 2 3 4 |  4.3
Polearms       | 1 2 3 4 |  4.3
Staves         | 1 2 3 4 |  4.3
Ranged Weapons | 1 2 3 4 |  4.3
Armour         | 1 2 3 4 |  4.3
Stealth        | 1 2 3 4 |  4.3
Shields        | 1 2 3 4 |  4.3
Unarmed Combat | 1 2 3 4 |  4.3
Spellcasting   | 1 2 3 4 |  4.3
Evocations     | 1 2 3 4 |  4.3
Shapeshifting  | 1 2 3 |  3.9
Conjurations   | 1 2 3 |  3.5
Hexes          | 1 2 3 |  3.5
Summonings     | 1 2 3 |  3.5
Necromancy     | 1 2 3 |  3.5
Translocations | 1 2 3 |  3.5
Fire Magic     | 1 2 3 |  3.5
Ice Magic      | 1 2 3 |  3.5
Air Magic      | 1 2 3 |  3.5
Earth Magic    | 1 2 3 |  3.5
Alchemy        | 1 2 3 |  3.5
Fighting       | 5 6 |  6.3
Throwing       | 5 6 |  6.3
Short Blades   | 7 |  7.9
Dodging        | 7 |  7.9

Action                     |  1- 3 |  4- 6 |  7- 9 || total
---------------------------+-------+-------+-------++-------
  Melee: Rapier            |   115 |     9 |    18 ||   142
         Bite              |     9 |    17 |    44 ||    70
         Punch             |     1 |     1 |     9 ||    11
         Dagger            |       |   123 |   242 ||   365
  Throw: Throwing net      |       |     1 |       ||     1
    Use: Scroll            |       |    12 |     4 ||    16
         Potion            |       |       |     1 ||     1
   Stab: Sleeping          |     1 |     4 |     1 ||     6
         Distracted        |       |     1 |       ||     1
         Held in net/web   |       |     2 |       ||     2
 Armour: Leather armour    |    36 |    30 |    80 ||   146
  Dodge: Dodged            |    71 |    68 |   126 ||   265
